 Dungeon Crawl Stone Soup version 0.26.0-18-gc5c842f807 (webtiles) character file.

Game seed: 7491247995916725134

6495 hawla the Thaumaturge (level 10, -3/109 HPs)
             Began as a Yellow Draconian Conjurer on Jan 22, 2021.
             Was a Priest of Vehumet.
             Slain by a deep troll earth mage (11 damage)
             ... on level 9 of the Dungeon on Jan 23, 2021.
             The game lasted 00:44:04 (12978 turns).

hawla the Thaumaturge (Yellow Draconian Conjurer)  Turns: 12978, Time: 00:44:05

Health: -3/109     AC: 25    Str: 11    XL:     10   Next: 68%
Magic:  11/23      EV:  2    Int: 21    God:    Vehumet [***...]
Gold:   652        SH:  0    Dex:  9    Spells: 9/28 levels left

rFire    + . .     SeeInvis .   n - +3 quarterstaff (freeze)
rCold    . . .     Faith    .   (shield currently unavailable)
rNeg     + + +     Spirit   .   (armour unavailable)
rPois    +         Reflect  .   (helmet currently unavailable)
rElec    .         Harm     .   (cloak currently unavailable)
rCorr    .         Rampage  .   (gloves currently unavailable)
Will     .....     NoTele   +   (boots currently unavailable)
Stlth    ++........             (no amulet)
HPRegen  0.28/turn              t - ring of protection from fire
MPRegen  0.18/turn              m - ring of wizardry

@: tree-form
A: (spit acid), unfitting armour, wild magic 1, evolution 1, AC +7
a: Renounce Religion


You were on level 9 of the Dungeon.
You worshipped Vehumet.
Vehumet was most pleased with you.
You were a tree.
You visited 2 branches of the dungeon, and saw 10 of its levels.
You also visited: Bailey.

You collected 652 gold pieces.

Inventory:

Hand Weapons
 n - a +3 quarterstaff of freezing (weapon)
 N - a +4 quarterstaff of chaos
Missiles
 j - 109 boomerangs (quivered)
 I - 14 poisoned darts
Armour
 g - a +1 pair of gloves (melded)
 q - a +2 cloak (melded)
 y - a +0 pair of boots (melded)
 O - a +1 cloak of preservation
Magical Staves
 x - an uncursed staff of air
 F - an uncursed staff of death
Jewellery
 d - an uncursed ring of see invisible
 m - a ring of wizardry (right branch)
 o - an uncursed ring of willpower
 t - a ring of protection from fire (left branch)
 E - an uncursed ring of fire {unknown}
Wands
 e - a wand of enslavement (5)
 p - a wand of paralysis (5)
 r - a wand of iceblast (7)
 B - a wand of polymorph (6)
 D - a wand of flame (18)
 H - a wand of digging (4)
Scrolls
 s - 2 scrolls of remove curse
 C - a scroll of acquirement {unknown}
 G - 2 scrolls of identify
 J - a scroll of fear {unknown}
 K - a scroll of fog
 L - a scroll of enchant armour
Potions
 a - 9 potions of mutation
 b - a potion of brilliance
 f - 8 potions of curing
 h - a potion of haste
 i - a potion of berserk rage
 k - a potion of might
 l - 3 potions of degeneration {unknown}
 u - 4 potions of flight {unknown}
 v - 3 potions of attraction {unknown}
 w - 2 potions of cancellation
 A - 4 potions of magic {unknown}
 M - a potion of invisibility


   Skills:
 - Level 2.0 Fighting
 - Level 2.0 Staves
 - Level 1.0 Throwing
 - Level 5.0 Dodging
 - Level 2.0 Stealth
 - Level 4.0 Shields
 + Level 9.9 Spellcasting
 * Level 7.5 Conjurations
 - Level 4.1 Translocations
 * Level 4.1 Ice Magic
 * Level 4.1 Air Magic
 - Level 1.0 Evocations


You had 9 spell levels left.
You knew the following spells:

 Your Spells              Type           Power        Failure   Level
a - Magic Dart            Conj           100%         1%          1
b - Searing Ray           Conj           100%         1%          2
c - Iskenderun's Mystic   Conj/Tloc      45%          1%          4
d - Freezing Cloud        Conj/Ice/Air   21%          16%         6
e - Ozocubu's Refrigerat  Ice            17%          22%         6

Your spell library contained the following spells:

 Spells                   Type           Power        Failure   Level
 Conjure Flame            Conj/Fire      34%          1%          3
 Dazzling Flash           Conj/Hex       68%          1%          3
 Fulminant Prism          Conj/Hex       17%          2%          4
 Disjunction              Tloc           18%          100%        8


Dungeon Overview and Level Annotations

Branches:
Dungeon (9/15)             Temple (1/1) D:5            Lair (0/6) D:8
    Orc (0/2) D:9          Bailey (visited)

Altars:
Ashenzari
Cheibriados
Dithmenos
Elyvilon
Fedhas
Gozag
Hepliaklqana
Kikubaaqudgha
Makhleb
Nemelex Xobeh
Okawaru
Qazlal
Ru
Sif Muna
Trog
Uskayaw
Vehumet
Wu Jian
Xom
Yredelemnul
Zin
The Shining One

Shops:
D:7 :

Annotations:
D:6 2 transporters, FancyManDan's ghost, novice OpCj
D:9 3 runed translucent doors, face's ghost, novice OpVM


Innate Abilities, Weirdness & Mutations

((You can spit globs of acid.))
((Your golden yellow scales are hard. (AC +7)))
You cannot fit into any form of body armour.
((You are cold-blooded and may be slowed by cold attacks.))
((You are resistant to acid. (rCorr)))
((Your skin changes colour to match your surroundings (Stealth+).))
((Your flesh is cold resistant. (rC+)))
Your spells are a little harder to cast, but a little more powerful.
You evolve.


Message History

* * * LOW HITPOINT WARNING * * *
The deep troll earth mage claws you but does no damage.
The deep troll earth mage closely misses you.
The centaur warrior shoots an arrow.
The arrow barely misses you.
You see here an arrow.
You feel much better. The deep troll earth mage bites you!
The deep troll earth mage closely misses you.
The deep troll earth mage claws you.
The centaur warrior shoots an arrow.
The arrow hits you!
* * * LOW HITPOINT WARNING * * *
Really quaff the potion of lignification?
You turn into a tree.
Your +2 cloak melds into your body.
Your +1 pair of gloves melds into your body.
Your +0 pair of boots melds into your body.
Your roots penetrate the ground.
The deep troll earth mage bites you but does no damage.
The deep troll earth mage claws you.
* * * LOW HITPOINT WARNING * * *
The deep troll earth mage claws you!
You die...

#..#..###.#########'###..#.......
...#....#.............####'#.....
.#..##.##.............#....#..#..
#.##.####.........##..#....#..#..
..###..##............(.....+..#..
#.......#[......######....+#.....
..##..########.##...⌠#.[.........
#.#....##......#(T_..#8'8........
##.#.##........#♣######.#........
.......##....#.#c....'..#....###.
.######.#....#.#.....'..#....# #.
###########'##.#.######.#....###.
.#.............#.._,,#8'8........
.#.............##.,,⌠#.....#.....
.#..##......##..######.....#.###.
.'.........................'.###.
.###'###........'..........#.....


You could see a centaur warrior and a deep troll earth mage.

Vanquished Creatures
  A sea snake (shapeshifter) (D:9)
  An orc knight (Bailey)
  A troll (D:8)
  Prince Ribbit (D:7)
  A slime creature (D:8)
  A wraith (D:9)
  3 wargs (D:8)
  2 water moccasins
  A hornet zombie (D:8)
  6 orc warriors
  A sky beast (D:8)
  A black bear (D:7)
  3 phantoms
  8 ogres
  7 bullfrogs
  3 scorpions
  3 wights (D:6)
  5 howler monkeys
  4 centaur zombies
  2 bullfrog zombies
  4 orc priests
  A bullfrog skeleton (D:8)
  6 hounds
  A jelly (D:6)
  Crazy Yiuf (D:7)
  5 orc wizards
  A centaur skeleton (D:5)
  A gnoll shaman (D:9)
  7 worker ants
  A killer bee zombie (D:9)
  2 hound zombies
  A hound skeleton (D:8)
  A worker ant zombie (D:5)
  17 gnolls
  14 adders
  A shadow imp (D:8)
  2 white imps
  An ufetubus (D:7)
  2 oozes
  2 adder zombies
  5 worms
  2 dart slugs
  3 leopard geckos
  27 orcs
  4 giant cockroaches
  13 goblins
  23 hobgoblins
  13 jackals
  19 kobolds
  3 quokkas
  4 bats
  5 frilled lizards
  A leopard gecko skeleton (D:4)
  A quokka skeleton (D:4)
  A quokka zombie (D:5)
  12 rats
262 creatures vanquished.

Vanquished Creatures (others)
  A scorpion (D:4)
  A hound (D:4)
  A worker ant (D:4)
  2 leopard geckos (D:4)
  2 orcs (D:4)
  A plant (D:8)
8 creatures vanquished.

Grand Total: 270 creatures vanquished

Notes
Turn   | Place    | Note
-------+----------+-------------------------------------------
     0 | D:1      | hawla the Draconian Conjurer began the quest for the Orb.
     0 | D:1      | Reached XP level 1. HP: 14/14 MP: 3/3
   323 | D:1      | Reached skill level 1 in Fighting
   323 | D:1      | Reached XP level 2. HP: 23/23 MP: 0/5
   391 | D:1      | Learned a level 2 spell: Searing Ray
   762 | D:1      | Reached XP level 3. HP: 28/28 MP: 3/6
  1813 | D:2      | Reached XP level 4. HP: 35/35 MP: 1/8
  1818 | D:2      | Learned a level 4 spell: Iskenderun's Mystic Blast
  2239 | D:2      | Reached skill level 1 in Shields
  2654 | D:3      | Found a broken altar of Ashenzari.
  2656 | D:3      | Found a white marble altar of Elyvilon.
  2915 | D:3      | Reached skill level 1 in Translocations
  3031 | D:3      | Reached XP level 5. HP: 40/40 MP: 3/9
  3960 | D:4      | Found a shimmering altar of Xom.
  4340 | D:5      | Entered Level 5 of the Dungeon
  4348 | D:5      | Reached skill level 3 in Spellcasting
  4446 | D:5      | Found a staircase to the Ecumenical Temple.
  4446 | D:5      | Noticed an ogre
  4449 | D:5      | Killed an ogre
  4450 | D:5      | Reached skill level 1 in Staves
  4450 | D:5      | Reached XP level 6. HP: 47/47 MP: 5/10
  4508 | Temple   | Entered the Ecumenical Temple
  4793 | Temple   | Became a worshipper of Vehumet
  4843 | Temple   | Gained mutation: You evolve. [potion of mutation]
  4843 | Temple   | Gained mutation: Your spells are a little harder to cast,
                  | but a little more powerful. [potion of mutation]
  4843 | Temple   | Gained mutation: Your skin changes colour to match your
                  | surroundings (Stealth+). [potion of mutation]
  4843 | Temple   | Gained mutation: Your flesh is cold resistant. (rC+)
                  | [potion of mutation]
  4882 | D:5      | Reached skill level 5 in Conjurations
  5084 | D:5      | Your scales start taking on a golden yellow colour.
  5084 | D:5      | Reached XP level 7. HP: 52/52 MP: 8/11
  5084 | D:5      | Gained mutation: You are resistant to acid. (rCorr) [Yellow
                  | Draconian growth]
  5222 | D:5      | Got a flickering tin amulet
  5314 | D:5      | Found a stormy altar of Qazlal.
  5811 | D:6      | Noticed an ogre mage
  5816 | D:6      | Found a transporter.
  5919 | D:6      | Identified the amulet "Tooham" {Inacc rPois rN+ Int-5
                  | Stlth+} (You found it on level 5 of the Dungeon)
  6038 | D:6      | Noticed FancyManDan's ghost (novice OpCj)
  6269 | D:6      | Reached skill level 4 in Spellcasting
  6269 | D:6      | Reached XP level 8. HP: 59/59 MP: 4/14
  6518 | D:6      | Found a burning altar of Makhleb.
  6607 | D:6      | Found an iron altar of Okawaru.
  6672 | D:6      | Found a transporter.
  6822 | D:6      | Noticed a moth of wrath
  6826 | D:6      | Found a bloodstained altar of Trog.
  7095 | D:7      | Noticed Prince Ribbit
  7161 | D:7      | Reached skill level 5 in Spellcasting
  7161 | D:7      | Killed Prince Ribbit
  7162 | D:7      | Reached skill level 6 in Spellcasting
  7341 | D:7      | Found a runed translucent door.
  7342 | D:7      | Noticed Crazy Yiuf
  7366 | D:7      | Reached * piety under Vehumet
  7366 | D:7      | Offered knowledge of Freeze by Vehumet.
  7456 | D:7      | Found a shadowy altar of Dithmenos.
  7605 | D:7      | Reached skill level 7 in Spellcasting
  7668 | D:7      | Found a blossoming altar of Fedhas.
  7750 | D:7      | Found Tunoso's Book Emporium.
  7780 | D:7      | Noticed a green death
  7781 | D:7      | Found a burning altar of Makhleb.
  7784 | D:7      | Found a glowing silver altar of Zin.
  7784 | D:7      | Noticed an angel
  7799 | D:7      | Reached XP level 9. HP: 63/64 MP: 9/20
  7996 | D:7      | Found a broken altar of Ashenzari.
  8040 | D:7      | Found an ornate altar of the Wu Jian Council.
  8376 | D:8      | Reached skill level 8 in Spellcasting
  8850 | D:8      | Reached skill level 9 in Spellcasting
  9007 | D:8      | Reached skill level 1 in Evocations
  9248 | D:8      | Reached skill level 1 in Throwing
  9279 | D:8      | Found a large runed translucent door.
  9279 | D:8      | Found a large runed translucent door.
  9314 | D:8      | Reached ** piety under Vehumet
  9365 | D:8      | Found a large runed translucent door.
  9365 | D:8      | Found a large runed translucent door.
  9485 | D:8      | Offered knowledge of Sandblast by Vehumet.
  9550 | D:8      | Identified Worogg Edeti's Collected Works on Icy
                  | Dislocation
  9560 | D:8      | Learned a level 6 spell: Freezing Cloud
  9629 | D:8      | Found a staircase to the Lair.
  9680 | D:8      | Found a hazy altar of Hepliaklqana.
  9861 | D:8      | Noticed a troll
  9866 | D:8      | Killed a troll
  9867 | D:8      | Reached skill level 1 in Ice Magic
  9867 | D:8      | Reached skill level 1 in Air Magic
  9867 | D:8      | Reached XP level 10. HP: 22/73 MP: 13/23
 10453 | D:9      | Found a staircase to the Orcish Mines.
 10465 | D:9      | Reached skill level 5 in Dodging
 10466 | D:9      | Offered knowledge of Ignite Poison by Vehumet.
 10749 | D:9      | Found a flagged portal.
 10763 | Bailey   | Entered a bailey
 10784 | Bailey   | Reached *** piety under Vehumet
 10992 | Bailey   | Learned a level 6 spell: Ozocubu's Refrigeration
 11047 | Bailey   | Offered knowledge of Conjure Flame by Vehumet.
 11097 | Bailey   | Noticed an orc knight
 11116 | Bailey   | Killed an orc knight
 11760 | D:9      | Found an opulent altar of Gozag.
 11928 | D:9      | Found a large runed translucent door.
 11946 | D:9      | Noticed a sea snake
 11946 | D:9      | a jumping spider changed into a sea snake
 11968 | D:9      | Killed a sea snake
 12214 | D:9      | Found a large runed translucent door.
 12543 | D:9      | Found a runed translucent gate.
 12543 | D:9      | Found a runed translucent gate.
 12543 | D:9      | Found a runed translucent gate.
 12548 | D:9      | Noticed face's ghost (novice OpVM)
 12783 | D:7      | Killed Crazy Yiuf
 12965 | D:9      | Found an opulent altar of Gozag.
 12965 | D:9      | Noticed a deep troll earth mage
 12972 | D:9      | Noticed a centaur warrior
 12978 | D:9      | Slain by a deep troll earth mage

Illustrated notes

Levels and vault maps discovered:
D:1:      mainiacjoe_arrival_reflecting_pool, layout_loops_ring,
          kennysheep_doodads, minmay_3d_cube
D:2:      minmay_spotlight, layout_rooms
D:3:      layout_rooms, lemuel_crystal_altar, ashenzari_altar_1
D:4:      layout_loops_corners, xom_confusion_cloud
D:5:      layout_rooms, overflow_temple_1_default,
          minmay_temple_entry_water_ring
D:6:      layout_cave_pools, kennysheep_mini, tgw_trog, gammafunk_ghost_arena,
          makhleb_heckhound_becter
D:7:      layout_rooms, grunt_temple_overflow_order_and_chaos_2,
          lemuel_crystal_altar, pdpol_wu_jian_five_deadly_venoms,
          kennysheep_little_box, serial_shops, nicolae_shop_crystal,
          fedhas_altar_1, uniq_prince_ribbit1, uniq_crazy_yiuf_cottage
D:8:      layout_rooms, general_overflow_altar, erik_lair_orcish_takeover,
          minmay_hollow_rounded_squares
D:9:      layout_stronghold, grunt_gozag_statues, erik_orc_3,
          ebering_ghost_rock_garden, enter_bailey_5, jmf_multi_god_temple2
Temple:   minmay_temple_curvy_loop

Skill      XL: |  1  2  3  4  5  6  7  8  9 10 |
---------------+-------------------------------+-----
Dodging        | 2 3 4 5 |  5.0
Stealth        | 2 |  2.0
Fighting       | 1 2 |  2.0
Shields        | 1 2 3 4 |  4.0
Translocations | 1 2 4 |  4.1
Spellcasting   | 3 4 7 9 |  9.9
Staves         | 1 2 |  2.0
Conjurations   | 5 6 7 |  7.5
Evocations     | 1 |  1.0
Throwing       | 1 |  1.0
Ice Magic      | 1 4 |  4.1
Air Magic      | 1 4 |  4.1

Action                   |  1- 3 |  4- 6 |  7- 9 | 10-12 || total
-------------------------+-------+-------+-------+-------++-------
Melee: Hand axe          |    19 |    36 |       |       ||    55
       Tailslap          |     4 |     7 |     1 |     1 ||    13
       Quarterstaff      |       |    58 |    38 |     5 ||   101
       Staff             |       |       |       |    25 ||    25
Throw: Boomerang         |       |     5 |       |     7 ||    12
 Cast: Magic Dart        |    40 |    64 |    81 |    44 ||   229
       Searing Ray       |    14 |    23 |    68 |    56 ||   161
       Iskenderun's Myst |       |     1 |    24 |    17 ||    42
       Freezing Cloud    |       |       |       |     1 ||     1
 Abil: Breathe Acid      |       |       |     1 |     1 ||     2
Evoke: Wand              |       |       |       |     1 ||     1
  Use: Scroll            |     2 |     8 |    11 |     7 ||    28
       Potion            |       |     2 |       |     7 ||     9
 Stab: Invisible         |       |       |       |     1 ||     1
Armor: Skin              |     6 |    30 |    36 |    80 ||   152
Dodge: Dodged            |    20 |    90 |   100 |    98 ||   308
